 Dungeon Crawl Stone Soup version 0.29-a0-243-g602b31c20e (webtiles) character file.

Game seed: 3470343465635113161

87 sanka the Ducker (level 4, 41/41 HPs)
             Began as a Gnoll Monk on Mar 4, 2022.
             Was a Follower of Uskayaw.
             Quit the game on level 2 of the Dungeon.
             The game lasted 00:02:14 (1777 turns).

sanka the Ducker (Gnoll Monk)                       Turns: 1777, Time: 00:02:14

Health: 41/41      AC:  5    Str: 13    XL:     4   Next: 51%
Magic:  5/5        EV: 15    Int:  9    God:    Uskayaw [*.....]
Gold:   63         SH:  0    Dex: 14    Spells: 5/5 levels left

rFire   . . .      SeeInvis .   a - +0 hand axe
rCold   . . .      Faith    +   (no shield)
rNeg    . . .      Spirit   .   b - +0 robe
rPois   .          Reflect  .   (no helmet)
rElec   .          Harm     .   q - +0 cloak
rCorr   .          Rampage  .   (no gloves)
Will    .....                   d - +1 pair of boots
Stlth   +++.......              o - amulet of faith
HPRegen 0.13/turn               (no ring)
MPRegen 0.09/turn               (no ring)

@: no status effects
A: fangs 1, strong nose, distributed training
a: Renounce Religion, Stomp


You were on level 2 of the Dungeon.
You worshipped Uskayaw.
Uskayaw was noncommittal.
You visited 1 branch of the dungeon, and saw 2 of its levels.

You collected 63 gold pieces.


Innate Abilities, Weirdness & Mutations

You have very sharp teeth.
Your uncanny sense of smell can sniff out nearby items.
Your experience applies equally to all skills.


   Skills:
 + Level 6.6 Fighting
 + Level 1.1 Short Blades
 + Level 1.1 Long Blades
 + Level 6.6 Axes
 + Level 1.1 Maces & Flails
 + Level 1.1 Polearms
 + Level 1.1 Staves
 + Level 1.1 Slings
 + Level 1.1 Bows
 + Level 1.1 Crossbows
 + Level 1.1 Throwing
 + Level 1.1 Armour
 + Level 6.6 Dodging
 + Level 4.2 Stealth
 + Level 1.1 Shields
 + Level 1.1 Unarmed Combat
 + Level 1.1 Spellcasting
 + Level 0.9 Conjurations
 + Level 0.9 Hexes
 + Level 0.9 Summonings
 + Level 0.9 Necromancy
 + Level 0.9 Translocations
 + Level 0.9 Transmutations
 + Level 0.9 Fire Magic
 + Level 0.9 Ice Magic
 + Level 0.9 Air Magic
 + Level 0.9 Earth Magic
 + Level 0.9 Poison Magic
 + Level 1.2 Invocations
 + Level 1.1 Evocations


You had 5 spell levels left.
You didn't know any spells.
Your spell library contained the following spells:

 Spells                   Type           Power      Damage    Failure   Level
 Summon Small Mammal      Summ           8%         N/A       26%         1
 Blink                    Tloc           4%         N/A       36%         2
 Call Canine Familiar     Summ           2%         N/A       58%         3
 Summon Guardian Golem    Hex/Summ       2%         N/A       58%         3
 Manifold Assault         Tloc           2%         N/A       100%        5
 Storm Form               Tmut/Air       1%         N/A       100%        7

Inventory:

Hand Weapons
 a - a +0 hand axe (weapon)
Armour
 b - a +0 robe (worn)
 d - a +1 pair of boots (worn)
 q - a +0 cloak (worn)
Jewellery
 o - an amulet of faith (around neck)
 p - a ring of protection from cold
Scrolls
 e - a scroll of fog {unknown}
 g - 2 scrolls of identify {unknown}
 h - 2 scrolls of vulnerability {unknown}
 k - a scroll of teleportation {unknown}
 l - a scroll of fear {unknown}
 m - a scroll of enchant weapon {unknown}
 n - a scroll of immolation {unknown}
 r - a scroll of brand weapon {unknown}
Potions
 c - 2 potions of lignification {unknown}
 f - a potion of haste {unknown}
 i - a potion of heal wounds {unknown}
 j - 2 potions of brilliance {unknown}
 s - a potion of invisibility {unknown}

Dungeon Overview and Level Annotations

Branches:
Dungeon (2/15)

Altars:
Uskayaw

▒.......▒▒.▒▒▒.......
▒.......▒▒.▒▒▒.......
▒▒▒▒▒▒▒▒▒▒.▒....▒..▒.
▒.▒.▒.▒.....
▒▒▒▒▒▒▒▒.▒.▒.▒..▒..
▒..........▒.▒..▒▒▒
▒.▒▒▒▒▒▒.▒▒▒.▒..▒
▒▒▒▒.▒▒▒▒▒▒.▒ ▒.▒..▒
▒.▒.▒g▒.▒.▒.▒▒▒.▒..▒▒▒
▒▒.▒.▒.▒.▒.▒.▒▒.▒....)
▒.▒.▒.▒.▒.▒.▒......▒▒.
▒▒.▒.▒.▒.▒.▒.▒▒.▒▒▒▒▒.
▒.▒.▒.▒.▒.▒.▒▒▒.▒ ▒.
▒▒.▒.▒.▒.▒.▒..▒.▒ ▒.
▒.▒.▒.▒.▒.▒.▒...▒ ▒.
▒▒[▒.▒.▒.▒.▒.▒▒.▒ ▒▒
▒.▒.▒.▒.▒.▒.▒▒▒.▒


There were no monsters in sight!


Message History

A goblin is nearby!
The goblin hits you but does no damage.
You hit the goblin. You bite the goblin.
You kill the goblin!
No target in view!
No target in view!
Found a spear.
You see here a +0 spear.
Things that are here:
a +0 short sword; 3 stones A ball python comes into view.
A ball python is nearby!
A ball python is nearby!
A ball python is nearby!
The ball python hisses angrily.
The ball python bites you but does no damage.
The ball python misses you. The ball python completely misses you.
The ball python barely misses you.
You hit the ball python.
You kill the ball python!
No target in view!
No target in view!
Done exploring.
Done exploring.
Done exploring.
Done exploring.
Search for what [Enter for "."]? .
Are you sure you want to abandon this character and quit the game? (Confirm with "yes".)

Action                   |  1- 3 |  4- 6 || total
-------------------------+-------+-------++-------
Melee: Hand axe          |   107 |    18 ||   125
       Bite              |     7 |     2 ||     9
       Punch             |     2 |       ||     2
 Stab: Sleeping          |     9 |     2 ||    11
Armor: Robe              |    16 |     5 ||    21
Dodge: Dodged            |    69 |    14 ||    83

Levels and vault maps discovered:
D:1:      amcnicky_arrival_choice, layout_loops_cross,
          chequers_serial_rivers_room_a
D:2:      layout_basic, ebering_ecumenical_altar_hall,
          hangedman_abyss_or_decor_stabs, minivault_23, supply_closet_lemuel

Notes
Turn   | Place    | Note
-------+----------+-------------------------------------------
     0 | D:1      | sanka the Gnoll Monk began the quest for the Orb.
     0 | D:1      | Reached XP level 1. HP: 23/23 MP: 1/1
   194 | D:1      | Reached XP level 2. HP: 29/29 MP: 2/2
   681 | D:1      | Reached XP level 3. HP: 30/35 MP: 3/3
   875 | D:2      | Found a faded altar of an unknown god.
   885 | D:2      | Prayed at the altar of an unknown god.
   885 | D:2      | Became a worshipper of Uskayaw the Reveller
   885 | D:2      | Reached * piety under Uskayaw
   885 | D:2      | Reached ** piety under Uskayaw
  1142 | D:2      | Reached skill level 1 in Invocations
  1216 | D:2      | Reached skill level 1 in Short Blades
  1216 | D:2      | Reached skill level 1 in Long Blades
  1216 | D:2      | Reached skill level 1 in Maces & Flails
  1216 | D:2      | Reached skill level 1 in Polearms
  1216 | D:2      | Reached skill level 1 in Staves
  1216 | D:2      | Reached skill level 1 in Slings
  1216 | D:2      | Reached skill level 1 in Bows
  1216 | D:2      | Reached skill level 1 in Crossbows
  1216 | D:2      | Reached skill level 1 in Throwing
  1216 | D:2      | Reached skill level 1 in Armour
  1216 | D:2      | Reached skill level 1 in Shields
  1216 | D:2      | Reached skill level 1 in Unarmed Combat
  1216 | D:2      | Reached skill level 1 in Spellcasting
  1216 | D:2      | Reached skill level 1 in Evocations
  1267 | D:2      | Reached *** piety under Uskayaw
  1268 | D:2      | Reached XP level 4. HP: 32/41 MP: 5/5
  1777 | D:2      | Quit the game

Vanquished Creatures
  A hound (D:2)
  2 adders (D:2)
  A dart slug (D:1)
  An endoplasm (D:2)
  4 hobgoblins
  5 jackals
  5 kobolds
  3 quokkas
  2 ball pythons (D:2)
  2 bats
  3 frilled lizards
  5 goblins
  4 rats
38 creatures vanquished.
